 Dungeon Crawl Stone Soup version 0.27.1-33-g824d729ab1 (webtiles) character file.

Game seed: 16711742001759108250

153 lordive the Digger (level 5, -5/28 HPs)
             Began as a Gargoyle Earth Elementalist on Dec 26, 2021.
             Slain by an orc (6 damage)
             ... on level 3 of the Dungeon.
             The game lasted 00:06:23 (2409 turns).

lordive the Digger (Gargoyle Earth Elementalist)    Turns: 2409, Time: 00:06:24

Health: -5/28      AC:  7    Str: 11    XL:     5   Next: 35%
Magic:  2/10       EV: 12    Int: 17    God:
Gold:   81         SH:  0    Dex: 10    Spells: 6/10 levels left

rFire    . . .     SeeInvis .   j - +3 short sword (speed)
rCold    . . .     Faith    .   (no shield)
rNeg     + . .     Spirit   .   b - +0 robe
rPois    ∞         Reflect  .   (no helmet)
rElec    +         Harm     .   (no cloak)
rCorr    .         Rampage  .   (no gloves)
Will     .....                  i - +0 pair of boots
Stlth    ++........             (no amulet)
HPRegen  0.09/turn              (no ring)
MPRegen  0.12/turn              (no ring)

@: no status effects
A: sickness immunity, AC +4, negative energy resistance 1, electricity
resistance, torment resistance 1, petrification resistance
a: no special abilities


You were on level 3 of the Dungeon.
You visited 1 branch of the dungeon, and saw 3 of its levels.
You also visited: Sewer.

You collected 81 gold pieces.

Inventory:

Hand Weapons
 e - a +0 whip
 g - a +1 mace of distortion
 j - a +3 short sword of speed (weapon)
Missiles
 c - 45 stones
Armour
 a - a +0 tower shield
 b - a +0 robe (worn)
 i - a +0 pair of boots (worn)
Jewellery
 k - a ring of protection from cold
Scrolls
 l - a scroll of enchant armour {unknown}
 m - a scroll of amnesia {unknown}
Potions
 d - a potion of mutation {unknown}
 f - a potion of brilliance {unknown}
 h - a potion of ambrosia {unknown}
 n - 2 potions of lignification {unknown}
 o - a potion of heal wounds
 p - a potion of flight
 q - a potion of curing


   Skills:
 + Level 0.3 Fighting
 + Level 1.2 Maces & Flails
 + Level 1.7 Dodging
 + Level 2.4 Stealth
 * Level 3.4 Spellcasting
 * Level 1.9 Conjurations
 + Level 0.7 Transmutations
 * Level 4.6 Earth Magic


You had 6 spell levels left.
You knew the following spells:

 Your Spells              Type           Power      Damage    Failure   Level
a - Sandblast             Erth           36%        2d10      2%          1
b - Stone Arrow           Conj/Erth      28%        3d8       13%         3

Your spell library contained the following spells:

 Spells                   Type           Power      Damage    Failure   Level
 Passwall                 Tmut/Erth      10%        N/A       9%          2
 Shock                    Conj/Air       24%        1d4       11%         1
 Swiftness                Air            2%         N/A       45%         3
 Petrify                  Tmut/Erth      12%        N/A       50%         4
 Airstrike                Air            1%         N/A       86%         4


Dungeon Overview and Level Annotations

Branches:
Dungeon (3/15)              Sewer (visited)

Altars:


Innate Abilities, Weirdness & Mutations

You are immune to sickness and miasma.
Your stone body is resilient. (AC +4)
You are immune to poison.
You resist negative energy. (rN+)
You are resistant to electric shocks. (rElec)
You are resistant to unholy torment.
You are immune to petrification.


Message History

The orc priest hits you with a +0 mace. The orc hits you but does no damage.
Casting: Sandblast (safe; 2% risk of failure)
Confirm with . or Enter, or press ? or * to list all spells.
Aiming: Sandblast (safe; 2% risk of failure)
Press: ? - help, Shift-Dir - straight line, f/p - orc priest
Aim: an orc priest, wielding a +0 mace and wearing a +0 chain mail (85% to hit)
The blast of sand hits the orc priest!
The orc priest is heavily wounded.
The orc priest hits you with a +0 mace. The orc barely misses you.
An orc comes into view.
It is wielding a +2 morningstar of protection.
Casting: Sandblast (safe; 2% risk of failure)
Confirm with . or Enter, or press ? or * to list all spells.
Aiming: Sandblast (safe; 2% risk of failure)
Press: ? - help, Shift-Dir - straight line, f/p - orc priest
Aim: an orc priest, wielding a +0 mace and wearing a +0 chain mail (heavily wounded, 85% to hit)
The blast of sand hits the orc priest but does no damage.
The orc priest is heavily wounded.
The orc priest mumbles some strange prayers to Beogh against you.
Pain shoots through your body! The orc hits you with a +0 hand axe.
Casting: Sandblast (safe; 2% risk of failure)
Confirm with . or Enter, or press ? or * to list all spells.
Aiming: Sandblast (safe; 2% risk of failure)
Press: ? - help, Shift-Dir - straight line, f/p - orc priest
Aim: an orc priest, wielding a +0 mace and wearing a +0 chain mail (moderately wounded, 85% to hit)
The blast of sand hits the orc priest but does no damage.
The orc priest is moderately wounded.
The orc priest hits you with a +0 mace!
* * * LOW HITPOINT WARNING * * *
The orc closely misses you.
Casting: Sandblast (safe; 2% risk of failure)
Confirm with . or Enter, or press ? or * to list all spells.
Aiming: Sandblast (safe; 2% risk of failure)
Press: ? - help, Shift-Dir - straight line, f/p - orc priest
Aim: an orc priest, wielding a +0 mace and wearing a +0 chain mail (moderately wounded, 85% to hit)
The blast of sand hits the orc priest but does no damage.
The orc priest is moderately wounded.
The orc priest hits you with a +0 mace!
* * * LOW HITPOINT WARNING * * *
The orc hits you with a +0 hand axe.
You die...

### ## .. #o #.#
######o#### ..
......o@..#####.#
##..#####.....#.######
#####.........
#.#######. ##.#
#####..# #.....##
##.##.### ####..÷....#


You could see an orc priest and 2 orcs.

Vanquished Creatures
  A kobold brigand (Sewer)
  3 adders
  3 dart slugs
  An orc (D:3)
  3 bats
  4 endoplasms
  4 giant cockroaches (D:3)
  A goblin (D:1)
  2 hobgoblins (D:1)
  2 jackals (Sewer)
  8 kobolds
  3 quokkas
  4 ball pythons
  3 frilled lizards (D:1)
  7 rats
49 creatures vanquished.

Notes
Turn   | Place    | Note
-------+----------+-------------------------------------------
     0 | D:1      | lordive the Gargoyle Earth Elementalist began the quest for
                  | the Orb.
     0 | D:1      | Reached XP level 1. HP: 10/10 MP: 3/3
   168 | D:1      | Reached skill level 1 in Conjurations
   168 | D:1      | Reached XP level 2. HP: 15/15 MP: 3/5
   381 | D:1      | Reached skill level 4 in Earth Magic
   501 | D:1      | Reached XP level 3. HP: 16/19 MP: 6/6
  1828 | D:3      | Found a glowing drain.
  1846 | D:3      | Reached XP level 4. HP: 18/24 MP: 3/8
  1847 | D:3      | Reached skill level 1 in Maces & Flails
  1917 | Sewer    | Entered a sewer
  2134 | Sewer    | Noticed a kobold brigand
  2162 | Sewer    | Killed a kobold brigand
  2163 | Sewer    | Reached XP level 5. HP: 26/28 MP: 1/10
  2235 | Sewer    | Learned a level 3 spell: Stone Arrow
  2301 | Sewer    | Found a white marble altar of Elyvilon.
  2409 | D:3      | HP: 1/28 [orc priest (7)]
  2409 | D:3      | Slain by an orc

Illustrated notes

Levels and vault maps discovered:
D:1:      lightli_arrival_boilingwater, layout_rooms
D:2:      layout_basic
D:3:      layout_rooms, okawaru_trees_2, nicolae_ru_great_annihilating_truth,
          hellmonk_ecumenical_altar_inner_sanctum, gup_sewer_entry_glass

Skill      XL: |  1  2  3  4 |
---------------+-------------+-----
Conjurations   | 1 |  1.9
Earth Magic    | 4 |  4.6
Maces & Flails | 1 |  1.2
Spellcasting   | 3 |  3.4
Fighting       | |  0.3
Dodging        | |  1.7
Stealth        | |  2.4
Transmutations | |  0.7

Action                   |  1- 3 |  4- 6 || total
-------------------------+-------+-------++-------
Melee: Whip              |    27 |       ||    27
       Short sword       |     7 |    42 ||    49
 Cast: Sandblast         |    27 |    21 ||    48
  Use: Potion            |       |     1 ||     1
 Stab: Sleeping          |     1 |       ||     1
Armor: Robe              |     5 |    23 ||    28
Dodge: Dodged            |    26 |    33 ||    59
